 Dungeon Crawl Stone Soup version 0.20-b1-24-gb21faa7 (webtiles) character file.

119 KeyserSoze the Skirmisher (level 5, -6/29 HPs)
             Began as a Vine Stalker Fighter on May 25, 2017.
             Mangled by a gnoll
             ... wielding a +2 whip of electrocution
              (15 damage)
             ... on level 3 of the Dungeon.
             The game lasted 00:05:37 (1498 turns).

KeyserSoze the Skirmisher (Vine Stalker Fighter)    Turns: 1498, Time: 00:05:37

Health: -6/29      AC: 12    Str: 19    XL:     5   Next: 3%
Magic:  0/6        EV:  3    Int:  8    God:
Gold:   118        SH:  9    Dex: 14    Spells: 4/4 levels left

rFire    . . .     SeeInvis .   a - +0 war axe
rCold    . . .     Gourm    .   c - +0 shield
rNeg     . . .     Faith    .   g - +0 plate armour
rPois    .         Spirit   +   (no helmet)
rElec    .         Reflect  .   (no cloak)
rCorr    .         Harm     .   (no gloves)
MR       .....                  o - +0 pair of boots
Stlth    ..........             j - amulet of rage
Regen    0.5/turn               (no ring)
MPRegen  0.1/turn               (no ring)

@: no status effects
A: fangs 2, regeneration 1, magic shield, antimagic bite, no potion heal 3, rot
immunity
a: Evoke Berserk Rage


You were on level 3 of the Dungeon.
You were very hungry.

You visited 1 branch of the dungeon, and saw 3 of its levels.

You collected 118 gold pieces.

Inventory:

Hand Weapons
 a - a +0 war axe (weapon)
Missiles
 i - 33 poisoned needles
 n - 18 arrows
Armour
 c - a +0 shield (worn)
 g - a +0 plate armour (worn)
 o - a +0 pair of boots (worn)
Jewellery
 j - an amulet of rage (around neck)
Scrolls
 b - 2 scrolls of identify
 e - a scroll of remove curse
 m - 2 scrolls of amnesia {unknown}
Potions
 d - a potion of might
 k - a potion of agility {unknown}
 l - a potion of flight {unknown}
 p - a potion of degeneration {unknown}
Comestibles
 f - a bread ration
 h - a fruit


   Skills:
 + Level 4.1 Fighting
 - Level 2.4 Axes
 - Level 2.7 Armour
 - Level 3.2 Shields


You had 4 spell levels left.
You didn't know any spells.

Dungeon Overview and Level Annotations

Branches:
Dungeon (3/15)

Altars:
Sif Muna


Innate Abilities, Weirdness & Mutations

You have extremely sharp teeth.
Your natural rate of healing is unusually fast.
When hurt, damage is shared between your health and your magic reserves.
Your bite disrupts and absorbs the magic of your enemies.
Potions cannot restore your health.
You are immune to rotting.


Message History

Your plate armour prevents you from hitting the gnoll.
The gnoll is severely wounded.
You block the gnoll's attack.
Unknown command.
You closely miss the gnoll. You bite the gnoll, but do no damage.
The gnoll is severely wounded.
The gnoll hits you with a whip of electrocution.
* * * LOW HITPOINT WARNING * * *
The gnoll hits you but does no damage.
Unknown command.
You closely miss the gnoll. Your bite misses the gnoll.
The gnoll is severely wounded.
You block the gnoll's attack.
Unknown command.
Your shield and plate armour prevent you from hitting the gnoll.
You bite the gnoll. You drain its power.
You feel invigorated.
The gnoll is severely wounded.
The gnoll hits you but does no damage.
You are electrocuted!
Ouch! That really hurt!
You die...

#####...#......
+##..........<... .
..#...........### ..
..#.............. #..
#.#.....##)#..... ##..
#.#.....##.#.....
.....###?#..(..##.#.....
##....†#.....##.#.....
#....@)......##.#..)..
#....)g#.###.##.######
#......#<..#.##.#
#......#.#.#.##.#
#......+.### #..
#......### ### ##.....#
##.####


You could see a gnoll.

Vanquished Creatures
  5 gnolls
  3 adders
  An ooze (D:1)
  A dart slug (D:2)
  A ball python (D:2)
  4 bats
  3 goblins (D:1)
  5 hobgoblins
  10 jackals
  2 frilled lizards (D:1)
  2 kobolds (D:2)
  A rat (D:1)
38 creatures vanquished.

Notes
Turn   | Place    | Note
-------+----------+-------------------------------------------
     0 | D:1      | KeyserSoze the Vine Stalker Fighter began the quest for the Orb.
     0 | D:1      | Reached XP level 1. HP: 11/11 MP: 2/2
   119 | D:1      | Reached skill level 3 in Fighting
   121 | D:1      | Reached XP level 2. HP: 15/16 MP: 1/3
   133 | D:1      | Reached XP level 3. HP: 20/20 MP: 4/4
   655 | D:1      | You fall through a shaft!
   741 | D:2      | Found a deep blue altar of Sif Muna.
  1100 | D:2      | Gained mutation: Your natural rate of healing is unusually fast. [Vine Stalker growth]
  1100 | D:2      | Reached XP level 4. HP: 19/24 MP: 5/5
  1482 | D:3      | Reached skill level 4 in Fighting
  1494 | D:3      | Reached XP level 5. HP: 11/29 MP: 6/6
  1498 | D:3      | Mangled by a gnoll

Skill      XL: |  1  2  3  4 |
---------------+-------------+-----
Fighting       | 3 4 |  4.1
Axes           | 2 |  2.4
Shields        | 3 |  3.2
Armour         | |  2.7

Action                   |  1- 3 |  4- 6 || total
-------------------------+-------+-------++-------
Melee: War axe           |    88 |    37 ||   125
       Bite              |    23 |     8 ||    31
  Use: Scroll            |     4 |       ||     4
       Potion            |     2 |       ||     2
  Eat: Chunk             |     1 |       ||     1
Armor: Plate armour      |    66 |    41 ||   107
Dodge: Dodged            |    14 |     6 ||    20
Block: Shield            |    57 |    43 ||   100
